 Dungeon Crawl Stone Soup version 0.30-a0-1035-g38d5fb2972 (webtiles) character file.

Game seed: 7589520146375271894

82 cdice the Trooper (level 4, 0/48 HPs)
             Began as an Ogre Reaver on Apr 9, 2023.
             Slain by a gnoll
             ... wielding a +2 flail of protection
              (11 damage)
             ... on level 3 of the Dungeon.
             The game lasted 00:02:43 (2608 turns).

cdice the Trooper (Ogre Reaver)                     Turns: 2608, Time: 00:02:44

Health: 0/48       AC:  3    Str: 18    XL:     4   Next: 43%
Magic:  8/8        EV:  9    Int: 14    God:
Gold:   122        SH:  0    Dex:  7    Spells: 6/9 levels left

rFire   . . .      SeeInvis .    a - +0 spear
rCold   . . .      Faith    .    (no shield)
rNeg    . . .      Spirit   .    b - +0 robe
rPois   .          Reflect  .    (helmet restricted)
rElec   .          Rampage  .    (no cloak)
rCorr   .                        (gloves unavailable)
Will    .....                    (boots unavailable)
Stlth   +                        (no amulet)
HPRegen 0.28/turn                (no ring)
MPRegen 0.11/turn                (no ring)

@: no status effects
A: large, unfitting armour, tough skin 1, mutation resistance 1, sense
surroundings 1
a: no special abilities


You were on level 3 of the Dungeon.
You visited 1 branch of the dungeon, and saw 3 of its levels.

You collected 122 gold pieces.

Inventory:

Hand Weapons
 a - a +0 spear (weapon)
Missiles
 l - 4 boomerangs
Armour
 b - a +0 robe (worn)
Jewellery
 m - a ring of positive energy
Wands
 j - a wand of charming (7)
Scrolls
 c - a scroll of teleportation
 e - a scroll of vulnerability {unknown}
 f - a scroll of enchant armour {unknown}
 g - a scroll of fear {unknown}
 h - a scroll of noise {unknown}
 i - a scroll of amnesia {unknown}
 k - 2 scrolls of identify {unknown}
Potions
 n - 2 potions of curing {unknown}


   Skills:
 * Level 3.9 Fighting
 - Level 3.0 Polearms
 + Level 2.4 Dodging
 + Level 0.5 Stealth
 * Level 3.1 Spellcasting
 + Level 3.1 Conjurations


You had 6 spell levels left.
You knew the following spells:

 Your Spells              Type           Power      Damage    Failure   Level
a - Kiss of Death         Conj/Necr      24%        2d7       11%         1
b - Momentum Strike       Conj/Tloc      12%        3d8       17%         2

Your spell library contained the following spells:

 Spells                   Type           Power      Damage    Failure   Level
 Necrotise                Necr           8%         1d4       22%         1
 Hailstorm                Conj/Ice       6%         3d4       32%         3
 Vampiric Draining        Necr           2%         2d6       54%         3
 Agony                    Necr           2%         N/A       99%         5


Dungeon Overview and Level Annotations

Branches:
Dungeon (3/15)

Altars:
Trog


Innate Abilities, Weirdness & Mutations

You are too large for most types of armour.
You have tough skin. (AC +1)
You are somewhat resistant to further mutation.
You passively map a small area around you.


Message History

The ball python barely misses you. x2
You hit the ball python.
The ball python is moderately wounded.
The ball python bites you.
You hit the ball python.
You kill the ball python!
You closely miss the goblin. The goblin hits you with a +0 dagger.
The gnoll hits you from afar with a +0 spear.
You hit the goblin.
You kill the goblin!
The gnoll barely misses you.
You puncture the kobold!
You kill the kobold!
The kobold throws a stone.
The stone barely misses you. The gnoll closely misses you.
You hit the gnoll.
The gnoll is heavily wounded.
The gnoll closely misses you.
The gnoll hits you from afar with a +0 spear.
You hit the gnoll.
The gnoll is almost dead.
The gnoll hits you with a +2 flail of protection.
The gnoll hits you from afar with a +0 spear.
You hit the gnoll but do no damage.
The gnoll is almost dead.
The kobold throws a stone.
The stone hits you but does no damage.
The gnoll hits you with a +2 flail of protection.
The gnoll barely misses you.
You hit the gnoll but do no damage.
The gnoll is almost dead.
The kobold throws a stone.
The stone barely misses you.
The gnoll hits you with a +2 flail of protection.
* * * LOW HITPOINT WARNING * * *
The gnoll hits you from afar with a +0 spear.
* * * LOW HITPOINT WARNING * * *
It was a potion of mutation.
You feel extremely strange.
You feel a strange attunement to the structure of the dungeons.
You feel genetically stable.
The gnoll hits you with a +2 flail of protection!
You die...

, , *# .# * ##.# , ,
###...####.......#
#@.....§§........,
#g≈≈≈≈≈§≈§§§....#
,##g≈gK...§§≈§....#
,#Kg≈.###.#.≈K....#
#..≈.#...#.≈.....##
,#..≈.#._.#.≈K....#.
#..≈.#...#.≈.......
,#..§.#.###§§.......
#..≈......§§.......


You could see 4 gnolls and 2 kobolds.

Vanquished Creatures
  3 adders (D:2)
  A worm (D:2)
  6 endoplasms
  3 giant cockroaches (D:2)
  8 goblins
  5 hobgoblins
  2 quokkas (D:1)
  5 ball pythons
  3 bats
  8 frilled lizards (D:1)
  6 kobolds
  3 rats
53 creatures vanquished.

Vanquished Creatures (others)
  4 plants (D:1)
4 creatures vanquished.

Grand Total: 57 creatures vanquished

Notes
Turn   | Place    | Note
-------+----------+-------------------------------------------
     0 | D:1      | cdice the Ogre Reaver began the quest for the Orb.
     0 | D:1      | Reached XP level 1. HP: 22/22 MP: 3/3
   137 | D:1      | Reached XP level 2. HP: 29/29 MP: 5/5
   526 | D:1      | Reached XP level 3. HP: 24/37 MP: 7/7
   600 | D:1      | Learned a level 2 spell: Momentum Strike
  1514 | D:2      | Reached XP level 4. HP: 48/48 MP: 8/8
  2020 | D:2      | HP: 2/48 [poisoned by an adder]
  2581 | D:3      | Found a bloodstained altar of Trog.
  2608 | D:3      | Gained mutation: You passively map a small area around you.
                  | [potion of mutation]
  2608 | D:3      | Gained mutation: You are somewhat resistant to further
                  | mutation. [potion of mutation]
  2608 | D:3      | Slain by a gnoll

Illustrated notes

Levels and vault maps discovered:
D:1:      tarquinn_simple_flora_water_f, layout_basic,
          chequers_serial_rivers_small_a, minmay_lizard_king
D:2:      layout_basic, minmay_fractal_squares_gapless_5
D:3:      layout_basic, mainiacjoe_overflow_brackets,
          ashenzari_conservatory_becter, kiku_gazebo_garden_becter,
          mainiacjoe_overflow_alcove_4, ebering_ghost_sewer_f,
          gup_sewer_entry_pipe, uniq_jessica, uniq_crazy_yiuf_cottage

Skill      XL: |  1  2  3 |
---------------+----------+-----
Fighting       | 3 |  3.9
Conjurations   | 3 |  3.1
Dodging        | 2 |  2.4
Spellcasting   | 3 |  3.1
Polearms       | |  3.0
Stealth        | |  0.5

Action                     |  1- 3 |  4- 6 || total
---------------------------+-------+-------++-------
  Melee: Spear             |   152 |    44 ||   196
         Punch             |     1 |       ||     1
    Use: Scroll            |       |     1 ||     1
         Potion            |       |     1 ||     1
   Stab: Distracted        |     1 |       ||     1
         Sleeping          |     2 |       ||     2
 Armour: Robe              |    43 |    11 ||    54
  Dodge: Dodged            |    41 |    39 ||    80

Table legend: (Time is in decaauts)
 A = Elapsed time spent in this place.
 B = Non-inter-level travel time spent in this place.
 C = Inter-level travel time spent in this place.
 D = Time resting spent in this place.
 E = Time spent auto-exploring this place.
 F = Levels seen in this place.
 G = Mean time per level.
                   A        B        C        D        E       F      G
               +--------+--------+--------+--------+--------+-----+--------+
         Total |   2597 |   2491 |    106 |    268 |   1741 |   3 |  865.7 |
       Dungeon |   2597 |   2491 |    106 |    268 |   1741 |   3 |  865.7 |
               +--------+--------+--------+--------+--------+-----+--------+

Top non-repeatable levels by time:
     D:2: 1445 daAuts
     D:1: 1077 daAuts
     D:3: 74 daAuts
